 Dungeon Crawl Stone Soup version 0.17-a0-1123-g6d3914c (console) character file.

238 Monkaria the Slasher (level 5, -2/63 HPs)
             Began as a Demonspawn Chaos Knight on May 24, 2015.
             Killed by Freeze
             ... invoked by Kisielow's ghost
              (10 damage)
             ... on level 4 of the Dungeon.
             The game lasted 00:04:19 (3071 turns).

Monkaria the Slasher (Demonspawn Chaos Knight)      Turns: 3071, Time: 00:04:20

Health: -2/63      AC: 22    Str: 19    XL:     5   Next: 78%
Magic:  5/5        EV:  2    Int: 13    God:    Xom [..*...]
Gold:   124        SH:  0    Dex: 14    Spells: 0 memorised, 4 levels left

rFire  . . .     SeeInvis .     a - +0 falchion (chaos)
rCold  . . .     Clarity  .     (armour currently unavailable)
rNeg   + + +     SustAt   .     (no shield)
rPois  +         Gourm    .     (helmet unavailable)
rElec  .         Spirit   .     (cloak currently unavailable)
rCorr  .         Warding  .     (gloves currently unavailable)
rMut   .         NoTele   +     (boots currently unavailable)
MR     .....                    r - amulet of faith
Stlth  +.........               (no ring)
                                (no ring)

@: mighty, lethally poisoned (-2 -> -25), tree-form, very slightly contaminated,
invisible, not resistant to hostile enchantments, very unstealthy
A: (horns 0), agile 1
a: Renounce Religion


You were on level 4 of the Dungeon.
You worshipped Xom.
You were a toy of Xom.
You were not hungry.
You were a tree.
You visited 1 branch of the dungeon, and saw 4 of its levels.

You collected 124 gold pieces.

Inventory:

Hand weapons
 a - a +0 falchion of chaos (weapon)
 g - a +2 dagger of electrocution
Missiles
 i - 7 needles of slowing
 k - 32 poisoned needles
 p - 4 tomahawks (quivered)
Armour
 b - a +2 leather armour (melded)
 s - the +1 leather armour of Disaster {+Blink rN+, unknown}
   (You found it on level 4 of the Dungeon)

   It protects you from negative energy.
   It lets you blink.
Jewellery
 l - an uncursed ring of fire
 r - an amulet of faith (around neck)
Magical devices
 n - a wand of fire (7)
Scrolls
 f - 2 scrolls of remove curse
 j - 5 scrolls of identify {unknown}
 q - a scroll of teleportation {unknown}
Comestibles
 c - 2 bread rations


   Skills:
 - Level 4.0 Fighting
 + Level 5.3 Long Blades
 - Level 2.0 Armour
 - Level 0.8 Dodging


You had 4 spell levels left.
You didn't know any spells.

Dungeon Overview and Level Annotations

Branches:
Dungeon (4/15)
 Temple: D:4-7

Altars:

Annotations:
D:4 Kisielow's ghost, experienced MfIE


Innate Abilities, Weirdness & Mutations

((You have a pair of large horns on your head.))
You are agile. (Dex +2)


Message History

Kisielow's ghost points at you and mumbles some strange words.
* * * LOW HITPOINT WARNING * * *
Drink which item? (? for menu, Esc to quit)
It was a potion of poison.
You feel slightly nauseous.
Xom thinks this is hilarious!
* * * LOW HITPOINT WARNING * * *
You feel sick.
Kisielow's ghost says, "Missed me!"
Kisielow's ghost hits you.
* * * LOW HITPOINT WARNING * * *
You are more poisoned.
You strike the helpless Kisielow's ghost from behind!
You slash Kisielow's ghost! You freeze Kisielow's ghost.
Kisielow's ghost is moderately damaged.
* * * LOW HITPOINT WARNING * * *
You feel sick.
The goblin degenerates into a cloud of primal chaos!
Kisielow's ghost points at you and mumbles some strange words.
You die...
Xom laughs nastily!

### ##g## ### . ##...## #.#
##.# ##.###.# #.####..# ##g##
#.## ######.....# ##b##
##.########.........# #§##
#...bgW♣...........## ###
########............###
###########....## ##....#
##### #### ##...# ##...##
##..## ##..#
#.[...#####....## #####.).#
##..#...##..###..####.......#
#..###..##..# ###....####...#


You could see Kisielow's ghost, a hobgoblin and a bat.

Vanquished Creatures
  A centaur (D:3)
  An orc wizard (D:3)
  6 adders
  4 worms
  2 giant geckos
  6 orcs (D:3)
  10 giant cockroaches
  5 goblins
  5 hobgoblins
  4 jackals (D:1)
  A ball python (D:3)
  7 bats
  6 giant newts
  8 kobolds
  6 rats
72 creatures vanquished.

Vanquished Creatures (collateral kills)
  An ooze (D:1)
1 creature vanquished.

Grand Total: 73 creatures vanquished

Notes
Turn   | Place    | Note
--------------------------------------------------------------
     0 | D:1      | Monkaria the Demonspawn Chaos Knight began the quest for the Orb.
     0 | D:1      | Reached XP level 1. HP: 18/18 MP: 1/1
    56 | D:1      | XOM: smoke on damage
    71 | D:1      | XOM: silly message
   198 | D:1      | XOM: divination: magic mapping
   253 | D:1      | Gained mutation: You have a pair of small horns on your head. [demonic ancestry]
   253 | D:1      | Reached XP level 2. HP: 5/24 MP: 2/2
   465 | D:1      | XOM: harmless Hex miscast
   475 | D:1      | XOM: harmless Erth miscast
   481 | D:1      | XOM: give mutation
   481 | D:1      | Gained mutation: You are agile. (Dex +2) [Xom's grace]
   790 | D:1      | XOM: summons friendly ufetubus
   907 | D:1      | Reached skill level 4 in Fighting
  1119 | D:1      | Gained mutation: You have a pair of horns on your head. [demonic ancestry]
  1119 | D:1      | Reached XP level 3. HP: 30/30 MP: 3/3
  1212 | D:1      | XOM: vitrification
  1232 | D:1      | XOM: scenery: 1 doors close
  1347 | D:1      | XOM: scenery: 1 doors open
  1688 | D:2      | XOM: snakes to sticks
  1713 | D:2      | XOM: stat loss: -1 Dex (13/14)
  1762 | D:2      | Gained mutation: You have a pair of large horns on your head. [demonic ancestry]
  1762 | D:2      | Reached XP level 4. HP: 22/37 MP: 4/4
  2167 | D:3      | XOM: colour smoke trail
  2644 | D:3      | Reached XP level 5. HP: 42/42 MP: 5/5
  2697 | D:3      | Noticed a centaur
  2703 | D:3      | XOM: confusion
  2713 | D:3      | XOM: repel stairs
  2715 | D:3      | Killed a centaur
  2715 | D:3      | Reached skill level 5 in Long Blades
  3006 | D:4      | XOM: silly message
  3022 | D:4      | Noticed Kisielow's ghost (experienced MfIE)
  3034 | D:4      | Got a fine leather armour
  3039 | D:4      | XOM: summons 4 hostile shadow creatures
  3071 | D:4      | Killed from afar by Kisielow's ghost

Vault maps used:
D:1:      minmay_arrival_stone_box, serial_bayou_pond_b
D:2:      first_bread
D:4:      yredelemnul_forgotten_temple_becter

Action                   |  1- 3 |  4- 6 || total
-------------------------+-------+-------++-------
Melee: Falchion          |   120 |    99 ||   219
  Use: Potion            |       |     4 ||     4
       Scroll            |       |     2 ||     2
 Stab: Sleeping          |     1 |       ||     1
       Paralysed         |       |     2 ||     2
       Invisible         |       |     1 ||     1
  Eat: Chunk             |     3 |     4 ||     7
